 Dungeon Crawl Stone Soup version 0.17-a0-1382-gc46a074 (webtiles) character file.

54 ololoev the Slasher (level 3, 0/29 HPs)
             Began as a Mummy Chaos Knight on June 15, 2015.
             Slain by a small abomination (4 damage)
             ... summoned by the capriciousness of Xom
             ... on level 2 of the Dungeon.
             The game lasted 00:03:09 (1384 turns).

ololoev the Slasher (Mummy Chaos Knight)            Turns: 1384, Time: 00:03:09

Health: 0/29       AC:  8    Str: 13    XL:     3   Next: 66%
Magic:  3/3        EV: 10    Int: 11    God:    Xom [.....*]
Gold:   58         SH:  0    Dex: 11    Spells: 0 memorised, 2 levels left

rFire  . . .     SeeInvis .     a - +1 falchion (chaos)
rCold  + . .     Clarity  .     i - +1 ring mail {rF+}
rNeg   + + +     SustAt   .     (no shield)
rPois  ∞         Gourm    .     e - +0 helmet
rElec  .         Spirit   .     c - +0 cloak
rCorr  .         Warding  .     g - -2 pair of gloves (curse)
rMut   .         Rnd*Tele +     f - +0 pair of boots (curse)
MR     .....                    (no amulet)
Stlth  +.........               b - ring of teleportation (curse)
                                h - -3 ring of strength (curse)

@: not resistant to hostile enchantments, very unstealthy
A: no food or potions, fire vulnerability, cold resistance 1, negative energy
resistance 3, torment resistance, unbreathing
a: Renounce Religion, Evoke Teleportation


Innate Abilities, Weirdness & Mutations

You do not eat or drink.
Your flesh is vulnerable to fire.
You are immune to poison.
Your flesh is cold resistant.
You are immune to negative energy.
You are immune to unholy pain and torment.
You can survive without breathing.

Inventory:

Hand weapons
 a - a +1 falchion of chaos (weapon)
Armour
 c - a +0 cloak (worn)
 e - a +0 helmet (worn)
 f - a cursed +0 pair of boots (worn)
 g - a cursed -2 pair of gloves (worn)
 i - a +1 ring mail of fire resistance (worn)
Jewellery
 b - a cursed ring of teleportation (right hand)
 h - a cursed -3 ring of strength (left hand)


   Skills:
 - Level 3.0 Fighting
 * Level 3.3 Long Blades
 + Level 2.3 Armour
 - Level 0.7 Dodging


You had 2 spell levels left.
You didn't know any spells.


You were on level 2 of the Dungeon.
You worshipped Xom.
You were Xom's teddy bear.
You were not hungry.

You visited 1 branch of the dungeon, and saw 2 of its levels.

You collected 58 gold pieces.

#### #....##########..##..( )..#
####.##########..##.## ##.#
#.............##.## ##.#
###########...##.## ##.#
#)####.## ##.# ##########.# #.##
#.# #bb.....##.# ##.## #.#
#x#####.##)###...#
#.####********#@# #.##.##..#..
#.##..,,.....bxx# #.##.##....#
#.##.#**######### #.##.##.#.##
#.##.# #.##.##[#.# #.##.#
##.##.##.#.# #.##.# #.....##†#.#
##.##.######## #..#####.#.#
.............# #.## ##....#
##.##.######.########.####.....#

Notes
Turn   | Place    | Note
--------------------------------------------------------------
     0 | D:1      | ololoev the Mummy Chaos Knight began the quest for the Orb.
     0 | D:1      | Reached XP level 1. HP: 18/18 MP: 1/1
    73 | D:1      | Reached XP level 2. HP: 24/24 MP: 2/2
   149 | D:1      | XOM: harmless Conj miscast
   215 | D:1      | Found a shimmering altar of Xom.
   323 | D:1      | XOM: silly message
   778 | D:2      | Reached XP level 3. HP: 20/29 MP: 3/3
   883 | D:2      | XOM: mild Necr miscast
   885 | D:2      | XOM: silly message
   996 | D:2      | XOM: mild Conj miscast
  1259 | D:2      | XOM: harmless Hex miscast
  1379 | D:2      | XOM: medium Summ miscast
  1380 | D:2      | Noticed a small abomination
  1380 | D:2      | Noticed a small abomination
  1380 | D:2      | Noticed a small abomination
  1382 | D:2      | XOM: butterfly on damage
  1384 | D:2      | Slain by a small abomination

Dungeon Overview and Level Annotations

Branches:
Dungeon (2/15)

Altars:
Xom


Message History

The kobold hits you with a club.
A goblin comes into view. It is wielding a club.
You hit the kobold.
You kill the kobold!
You see here a club.
The goblin hits you but does no damage.
You barely miss the goblin. The goblin hits you but does no damage.
You slash the goblin!
You kill the goblin!
No target in view!
No target in view!
No target in view!
No target in view!
No target in view!
No target in view!
d - a scroll of fog
Things that are here:
a club; a hunting sling Xom's power touches on you for a moment.
A chorus of moans calls out to you!
There are monsters nearby!
You closely miss the small abomination.
The small abomination hits you but does no damage.
You hit the small abomination but do no damage.
The small abomination closely misses you.
The small abomination hits you.
You closely miss the small abomination. The small abomination hits you!
Ouch! That really hurt!
A shower of butterflies erupts from you!
The small abomination misses you. The small abomination hits you.
The small abomination barely misses you.
Use which ability? (? or * to list)
You fail to use your ability.
The small abomination barely misses you. x2
The small abomination hits you but does no damage.
Read which item? (? for menu, Esc to quit)
As you read the scroll of fog, it crumbles to dust.
The scroll dissolves into smoke.
The small abomination hits you.
You die... "It was about time."

You could see 3 small abominations.

Vanquished Creatures
  An adder (D:2)
  A worm (D:2)
  3 giant geckos
  4 bats
  4 giant cockroaches
  6 hobgoblins
  6 kobolds
  A quokka (D:2)
  3 giant newts
  4 goblins
  5 rats
38 creatures vanquished.

Action                   || total
-------------------------++-------
Melee: Falchion          ||   121
  Use: Scroll            ||     6
 Stab: Paralysed         ||     1

Vault maps used:
D:1:      nicolae_arrival_washed_ashore, xom_teletrap_fun
